 Dungeon Crawl Stone Soup version 0.31-a0-236-g9a0961fb85 (webtiles) character file.

Game seed: 10791789678896911677

224 qw the Shooter (level 5, -2/46 HPs)
             Began as a Minotaur Hexslinger on July 10, 2023.
             Slain by a lemure (3 damage)
             ... led by Pikel
             ... on level 4 of the Dungeon.
             The game lasted 00:01:31 (3743 turns).

qw the Shooter (Minotaur Hexslinger)                Turns: 3743, Time: 00:01:32

Health: -2/46      AC:  8    Str: 19    XL:     5   Next: 67%
Magic:  5/5        EV: 11    Int: 10    God:
Gold:   208        SH:  0    Dex: 14    Spells: 5/6 levels left

rFire   . . .        Y - +1 sling
rCold   . . .        (no shield)
rNeg    . . .        m - +2 ring mail {Will+}
rPois   .            (helmet restricted)
rElec   .            (no cloak)
rCorr   .            k - +0 pair of gloves
SInv    .            (no boots)
Will    +....        (no amulet)
Stlth   +            l - +6 ring of strength
HPRegen 0.27/turn    n - +4 ring of slaying {mikee}
MPRegen 0.09/turn

%: no passive effects
@: about to teleport
A: horns 2, retaliatory headbutt
a: no special abilities


You were on level 4 of the Dungeon.
You visited 1 branch of the dungeon, and saw 5 of its levels.

You collected 262 gold pieces.
You spent 54 gold pieces at shops.


Innate Abilities, Weirdness & Mutations

You have a pair of horns on your head.
You reflexively headbutt those who attack you in melee.


   Skills:
 - Level 3.6 Fighting
 + Level 5.3 Ranged Weapons
 - Level 1.8 Armour
 - Level 2.1 Dodging
 - Level 1.0 Spellcasting
 - Level 2.0 Hexes


You had 5 spell levels left.
You knew the following spells:

 Your Spells              Type           Power      Damage    Failure   Level
a - Slow                  Hex            16%        N/A       26%         1

Your spell library contained the following spells:

 Spells                   Type           Power      Damage    Failure   Level
 Inner Flame              Hex/Fire       2%         N/A       75%         3
 Portal Projectile        Hex/Tloc       4%         N/A       75%         3
 Cause Fear               Hex            2%         N/A       95%         4

Inventory:

Hand Weapons
 Y - a +1 sling (weapon)
Armour
 k - a +0 pair of gloves (worn)
 m - a +2 ring mail of willpower (worn)
Jewellery
 l - a +6 ring of strength (left hand)
 n - a +4 ring of slaying (right hand) {mikee}
Scrolls
 b - a scroll of identify
Potions
 a - 2 potions of curing
 f - a potion of berserk rage {unknown}
 g - 2 potions of mutation
 h - a potion of heal wounds {unknown}
 i - a potion of might {unknown}
 j - a potion of cancellation {unknown}
 o - a potion of brilliance {unknown}

Dungeon Overview and Level Annotations

Branches:
Dungeon (5/15)
 Temple: D:4-7

Altars:
Nemelex Xobeh
Yredelemnul

Shops:
D:2 ?!*(

Annotations:
D:4 Pikel


Message History

Pikel freezes you.
3738 ||| STAIRDANCE The adder hisses angrily.
The orc priest miscasts a cantrip.
The orc priest suddenly grunts.
The lemure hits you. x2; The lemure misses you.
Pikel cracks his whip.
Pikel closely misses you.
You climb upwards.
There is a stone staircase leading down here.
Enter note:
Enter note:
Enter note:
Enter note:
Enter note:
Enter note:
Enter note:
Enter note:
Enter note: You shoot a sling bullet.
The sling bullet barely misses the lemure.
The lemure hits you. x2; Pikel barely misses you.
You furiously retaliate!
You headbutt Pikel. The lemure hits you but does no damage.
You shoot a sling bullet.
The sling bullet closely misses the lemure.
Pikel barely misses you. The lemure hits you. The lemure barely misses you.
The lemure closely misses you.
3742 ||| READING scroll of teleportation.
As you read the scroll of teleportation, it crumbles to dust.
You feel strangely unstable.
Pikel hits you with a +1 whip of freezing.
Pikel freezes you. The lemure hits you but does no damage.
The lemure misses you. The lemure closely misses you. You furiously retaliate!
You headbutt the lemure. You shoot a sling bullet.
The sling bullet hits the lemure but does no damage.
The lemure is moderately wounded.
Pikel barely misses you. The lemure hits you.
The lemure hits you but does no damage. The lemure hits you.
You die...

###### #.....
#########..... ###########
######.............
#.........#
#...##.#######..###
#.#######.#
#5#K.....)......... #.# #.#
#5@.##..######..### #.#
#####.####5###..........###
#.#
#...............#####......
###.###.#.).....(....##
#).####
..).........##########
#....# ..........#.# #.##.#
..#.......#.# #.##.#
..#####.###.# #.##.# ..#
##.###.# #.##.#


You could see Pikel and 3 lemures.

Vanquished Creatures
  A scorpion (D:4)
  Terence (D:3)
  4 adders
  7 dart slugs
  A worm (D:2)
  10 endoplasms
  3 giant cockroaches
  8 goblins
  14 hobgoblins
  8 kobolds
  2 quokkas
  8 ball pythons
  6 bats
  4 frilled lizards
  11 rats
88 creatures vanquished.

Notes
Turn   | Place    | Note
-------+----------+-------------------------------------------
     0 | D:1      | qw the Minotaur Hexslinger began the quest for the Orb.
     0 | D:1      | Reached XP level 1. HP: 16/16 MP: 1/1
     0 | D:1      | 0 ||| qw: Version: 0.3-a-52-g30416fa
     0 | D:1      | 0 ||| qw: Game counter: 4837
     0 | D:1      | 0 ||| qw: Melee chars always use a shield: true
     0 | D:1      | 0 ||| qw: God list: Okawaru
     0 | D:1      | 0 ||| qw: Allow faded altars: false
     0 | D:1      | 0 ||| qw: Do Orc after clearing Dungeon:15 true
     0 | D:1      | 0 ||| qw: Do second Lair branch before Depths: true
     0 | D:1      | 0 ||| qw: Lair rune preference: random
     0 | D:1      | 0 ||| qw: Goals: Normal
     0 | D:1      | 0 ||| PLANNING D:1-11
   120 | D:1      | Reached skill level 3 in Ranged Weapons
   120 | D:1      | Reached XP level 2. HP: 19/23 MP: 2/2
   185 | D:1      | 185 ||| FLEEEEING.
   391 | D:1      | Found a faded altar of an unknown god.
   472 | D:1      | Reached XP level 3. HP: 26/29 MP: 3/3
   787 | D:1      | Reached skill level 4 in Ranged Weapons
   851 | D:1      | 851 ||| READING 2 scrolls labelled MECROT VALINU.
   852 | D:1      | 852 ||| READING 3 scrolls labelled PIONAS SETUC.
   857 | D:1      | 857 ||| READING scroll labelled LUSEUPPODI.
   858 | D:1      | 858 ||| DROPPING scroll of noise.
   859 | D:1      | 859 ||| DROPPING scroll of poison.
   928 | D:2      | Found Deus's Assorted Antiques.
   932 | D:2      | 932 ||| SHOPLISTING 2 lumpy dark potions (30 gold, have
                  | 18).
   932 | D:2      | 932 ||| BUYING coppery potion (15 gold).
   932 | D:2      | Bought a coppery potion for 15 gold pieces
   932 | D:2      | 932 ||| SHOPLISTING encrusted lead wand (68 gold, have 3).
   932 | D:2      | 932 ||| SHOPLISTING glowing arbalest (127 gold, have 3).
   932 | D:2      | 932 ||| SHOPLISTING glowing orcbow (110 gold, have 3).
   932 | D:2      | 932 ||| SHOPLISTING glowing sapphire potion (15 gold, have
                  | 3).
   932 | D:2      | 932 ||| SHOPLISTING scroll labelled SOYROR WAUVOL (17 gold,
                  | have 3).
   932 | D:2      | 932 ||| SHOPLISTING scroll of teleportation (51 gold, have
                  | 3).
  1166 | D:2      | 1166 ||| FLEEEEING.
  1265 | D:2      | Reached XP level 4. HP: 33/36 MP: 4/4
  1399 | D:2      | Found Esangi's Magic Scroll Boutique.
  1413 | D:2      | 1413 ||| SHOPLISTING scroll of enchant weapon (97 gold,
                  | have 47).
  1413 | D:2      | 1413 ||| BUYING scroll of teleportation (39 gold).
  1413 | D:2      | Bought a scroll of teleportation for 39 gold pieces
  1413 | D:2      | 1413 ||| SHOPLISTING scroll of teleportation (39 gold, have
                  | 8).
  1500 | D:2      | Found Zaka's Distillery.
  1512 | D:2      | 1512 ||| SHOPLISTING potion of curing (39 gold, have 8).
  1512 | D:2      | 1512 ||| SHOPLISTING potion of haste (130 gold, have 8).
  1512 | D:2      | 1512 ||| SHOPLISTING potion of might (52 gold, have 8).
  1512 | D:2      | 1512 ||| SHOPLISTING potion of mutation (104 gold, have 8).
  1603 | D:2      | Found Lello's Antique Weapon Shoppe.
  1899 | D:2      | 1899 ||| UPGRADING to +0 leather armour.
  1909 | D:2      | 1909 ||| DROPPING +0 robe.
  1910 | D:2      | 1910 ||| UPGRADING to +0 pair of gloves.
  1915 | D:2      | 1915 ||| UPGRADING to +2 ring mail of willpower.
  1925 | D:2      | 1925 ||| DROPPING +0 leather armour.
  1926 | D:2      | 1926 ||| UPGRADING to +6 ring of strength.
  1927 | D:2      | 1927 ||| UPGRADING to +4 ring of slaying {mikee}.
  1928 | D:2      | 1928 ||| READING scroll labelled EGRAQY BAMATZU.
  1992 | D:2      | 1992 ||| READING 2 scrolls labelled ROB GI OLEM.
  1993 | D:2      | 1993 ||| READING 3 scrolls of identify.
  1993 | D:2      | 1993 ||| IDENTIFYING coppery potion
  1994 | D:2      | 1994 ||| READING 2 scrolls of identify.
  1994 | D:2      | 1994 ||| IDENTIFYING fuming blue potion
  1995 | D:2      | 1995 ||| DROPPING scroll of vulnerability.
  2195 | D:3      | Noticed Terence
  2203 | D:3      | Killed Terence
  2204 | D:3      | Reached skill level 1 in Armour
  2250 | D:3      | Reached skill level 5 in Ranged Weapons
  2275 | D:3      | Found a basalt altar of Yredelemnul.
  2305 | D:3      | Found a sparkling altar of Nemelex Xobeh.
  2349 | D:3      | 2349 ||| FLEEEEING.
  2350 | D:3      | 2350 ||| FLEEEEING.
  2351 | D:3      | 2351 ||| FLEEEEING.
  2358 | D:3      | 2358 ||| FLEEEEING.
  2796 | D:3      | 2796 ||| READING scroll labelled JYIDUO EQUDYDGH.
  2797 | D:3      | 2797 ||| READING scroll labelled WUHYTU MASHOS.
  2798 | D:3      | 2798 ||| DRINKING 2 sapphire potions.
  2799 | D:3      | 2799 ||| DROPPING potion of attraction.
  2817 | D:4      | 2817 ||| STAIRDANCE
  2821 | D:4      | 2821 ||| STAIRDANCE
  2825 | D:4      | 2825 ||| STAIRDANCE
  2829 | D:4      | 2829 ||| STAIRDANCE
  2833 | D:4      | 2833 ||| STAIRDANCE
  2837 | D:4      | 2837 ||| STAIRDANCE
  2841 | D:4      | 2841 ||| STAIRDANCE
  2845 | D:4      | 2845 ||| STAIRDANCE
  2849 | D:4      | 2849 ||| STAIRDANCE
  2853 | D:4      | 2853 ||| STAIRDANCE
  2857 | D:4      | 2857 ||| STAIRDANCE
  2861 | D:4      | 2861 ||| STAIRDANCE
  2865 | D:4      | 2865 ||| STAIRDANCE
  2869 | D:4      | 2869 ||| STAIRDANCE
  2873 | D:4      | 2873 ||| STAIRDANCE
  2877 | D:4      | 2877 ||| STAIRDANCE
  2881 | D:4      | 2881 ||| STAIRDANCE
  2885 | D:4      | 2885 ||| STAIRDANCE
  2889 | D:4      | 2889 ||| STAIRDANCE
  2893 | D:4      | 2893 ||| STAIRDANCE
  2972 | D:4      | Noticed a scorpion
  2979 | D:4      | HP: 9/37 [poisoned by a scorpion]
  2980 | D:4      | 2980 ||| READING 3 scrolls of teleportation.
  2981 | D:4      | Killed a scorpion
  2982 | D:4      | Reached skill level 3 in Fighting
  2982 | D:4      | Reached XP level 5. HP: 7/46 MP: 5/5
  2983 | D:4      | 2983 ||| READING 2 scrolls of teleportation.
  3684 | D:4      | 3684 ||| READING 3 scrolls labelled FOKHUI LIYLIU.
  3685 | D:4      | 3685 ||| READING scroll labelled TARAOT GEX.
  3686 | D:4      | 3686 ||| READING 2 scrolls of identify.
  3686 | D:4      | 3686 ||| IDENTIFYING fizzy inky potion
  3687 | D:4      | 3687 ||| DROPPING potion of lignification.
  3688 | D:4      | 3688 ||| DROPPING 2 scrolls of fear.
  3732 | D:5      | Entered Level 5 of the Dungeon
  3732 | D:5      | Noticed Pikel
  3732 | D:5      | Noticed a lemure
  3732 | D:5      | Noticed a lemure
  3732 | D:5      | Noticed a lemure
  3732 | D:5      | Noticed a lemure
  3738 | D:5      | 3738 ||| STAIRDANCE
  3741 | D:4      | HP: 10/46 [lemure[Pikel] (3)]
  3742 | D:4      | 3742 ||| READING scroll of teleportation.
  3743 | D:4      | HP: 1/46 [lemure[Pikel] (4)]
  3743 | D:4      | Slain by a lemure

Levels and vault maps discovered:
D:1:      dpeg_arrival_short_road, layout_loops_ring, basic_ecumenical_altar
D:2:      minmay_skewed_foursquare, layout_basic, serial_shops,
          nicolae_shop_tiny_glass, nicolae_diamond_shop,
          nicolae_shop_back_alley_shop, nicolae_shop_tiny_statue_garden
D:3:      layout_basic, mainiacjoe_overflow_alcove_4,
          nicolae_overflow_hidden_temple, grunt_decor_fettered, corexii_shack,
          uniq_terence
D:4:      minmay_general_purpose_star, layout_loops_ring,
          kennysheep_generic_room_8
D:5:      layout_cave_pods, serial_shops, shop, chequers_serial_rivers_small_b,
          uniq_pikel, uniq_duvessa, uniq_sigmund, uniq_ijyb, uniq_edmund

Skill      XL: |  1  2  3  4 |
---------------+-------------+-----
Ranged Weapons | 3 4 5 |  5.3
Fighting       | 2 3 |  3.6
Armour         | 1 |  1.8
Dodging        | |  2.1
Spellcasting   | |  1.0
Hexes          | |  2.0

Action                     |  1- 3 |  4- 6 || total
---------------------------+-------+-------++-------
   Fire: Sling             |   119 |   132 ||   251
    Use: Scroll            |     3 |    12 ||    15
         Potion            |       |     1 ||     1
 Armour: Robe              |     1 |     4 ||     5
         Ring mail         |       |    12 ||    12
  Dodge: Dodged            |    25 |    28 ||    53

Table legend:
 A = Non-vault XP
 B = Vault XP
 C = Vault XP percentage of total XP
 D = Non-vault monster count
 E = Vault monster count
 F = Vault count percentage of total count
                 A         B        C        D         E       F
            +---------+---------+-------+---------+---------+-------
      Total |     257 |      63 |  19.7 |      79 |       9 |  10.2
            +---------+---------+-------+---------+---------+-------
        D:1 |      62 |       0 |   0.0 |      31 |       0 |   0.0
        D:2 |      50 |      21 |  29.6 |      23 |       5 |  17.9
        D:3 |      20 |      38 |  65.5 |      12 |       2 |  14.3
        D:4 |     125 |       4 |   3.1 |      13 |       2 |  13.3
            +---------+---------+-------+---------+---------+-------
